 Dungeon Sprint DCSS version 0.30.0-15-g856e2d3f33 (webtiles) character file.

Game seed: 1357138763860355398

2700000 GloriousHammer the Axe Maniac (level 21, -15/187 HPs)
             Began as a Djinni Warper on May 20, 2023.
             Was the Champion of Makhleb.
             Demolished by a destroyer
             ... wielding a +9 heavy great sword
              (202 damage)
             ... in the Dungeon (Sprint VIII: "Arena of Blood").
             The game lasted 00:03:41 (27 turns).

GloriousHammer the Axe Maniac (Djinni Warper)         Turns: 27, Time: 00:03:41

Health: -15/187    AC:  6    Str: 10    XL:     21   Next: 79%
Gold:   0          EV: 32    Int: 18    God:    Makhleb [******] SH:  0 Dex: 21

rFire   + + .        i - +∞ Axe of Woe
rCold   x . .        (shield currently unavailable)
rNeg    . . .        b - +0 leather armour
rPois   ∞            (no helmet)
rElec   .            (no cloak)
rCorr   .            (no gloves)
SInv    .            (boots unavailable)
Will    ++...        (no amulet)
Stlth   ++           (no ring)
HPRegen 0.51/turn    (no ring)
MPRegen 0.00/turn

%: no teleportation, infuse magic (-16 HP)
@: flying
A: sickness immunity, fire resistance 2, cold vulnerability 1, float, innate
caster, HP casting, extra vitality 1
a: Renounce Religion, Minor Destruction, Lesser Servant of Makhleb, Major
Destruction, Greater Servant of Makhleb


You were in the Dungeon.
You worshipped Makhleb.
Makhleb was exalted by your worship.
You visited 1 branch

Inventory:

Hand Weapons
 a - a +0 hand axe
 i - the +∞ Axe of Woe (weapon)
   (You found it in the Dungeon)
Missiles
 d - 7 boomerangs of dispersal
Armour
 b - a +0 leather armour (worn)
Scrolls
 c - 2 scrolls of blinking
Potions
 e - a potion of curing
 f - a potion of heal wounds
 g - a potion of haste
 h - a potion of berserk rage


   Skills:
 O Level 27 Fighting
 O Level 27 Axes
 + Level 22.0 Throwing
 O Level 27 Armour
 O Level 27 Dodging
 O Level 27 Spellcasting
 O Level 27 Invocations


You knew the following spells:

 Your Spells              Type           Power      Damage    Failure   Level
a - Manifold Assault      Tloc           88%        N/A       0%          4
b - Lesser Beckoning      Tloc           100%       N/A       0%          2
c - Vhi's Electric Charg  Tloc/Air       100%       N/A       0%          3
d - Teleport Other        Tloc           88%        N/A       0%          3
e - Blink                 Tloc           100%       N/A       0%          2
f - Summon Small Mammal   Summ           100%       N/A       0%          1
g - Static Discharge      Conj/Air       100%       2-7/arc   0%          2
h - Spider Form           Tmut/Pois      88%        N/A       0%          3
i - Airstrike             Air            44%        2d(7-23)  0%          4
j - Freezing Cloud        Conj/Ice/Air   44%        6-21      0%          5
k - Fireball              Conj/Fire      44%        3d18      0%          5
l - Starburst             Conj/Fire      44%        6d12      0%          6
m - Summon Cactus Giant   Summ           44%        N/A       0%          6
n - Storm Form            Tmut/Air       44%        N/A       1%          7
o - Infestation           Necr           44%        N/A       1%          8
Your spell library was empty.

Dungeon Overview and Level Annotations

Branches:
Dungeon (1/1)

Altars:
Makhleb


Innate Abilities, Weirdness & Mutations

You are immune to sickness and miasma.
You are immune to poison.
Your flesh is very heat resistant. (rF++)
You are vulnerable to cold. (rC-)
You float through the air rather than walking.
You learn spells naturally, not from books.
Your magical power is your life essence.
You have superior vitality. (+4 MHP)


Message History

Your Invocations skill gained 6 levels and is now at level 18!
You have reached level 18!
You slice the bag of meat!!
You butcher the bag of meat messily.
You kill the bag of meat!
Makhleb accepts your kill.
You slice the bag of meat!!
You dissect the bag of meat like a pig carcass.
You kill the bag of meat!
Makhleb accepts your kill.
You hear a shout! x5
A bag of meat comes into view. It is wielding a +9 war axe.
Your Fighting skill gained 2 levels and is now at level 20!
Your Dodging skill increases to level 21!
Your Invocations skill gained 2 levels and is now at level 20!
Casting: Manifold Assault (safe; 0% risk of failure)
Confirm with . or Enter, or press ? or * to list all spells.
Space momentarily warps into an impossible shape!
You slice the bag of meat!!
You butcher the bag of meat messily.
You kill the bag of meat!
Makhleb accepts your kill.
You feel better.
You slash the meat berserker!
You butcher the meat berserker messily.
You kill the meat berserker!
Makhleb accepts your kill.
You slash the bag of meat!
You fatally mangle the bag of meat.
You kill the bag of meat!
Makhleb accepts your kill.
You slice the bag of meat!!
You fatally mangle the bag of meat.
You kill the bag of meat!
Makhleb accepts your kill.
You hear a shout! x4
Your Fighting skill gained 3 levels and is now at level 23!
Your Dodging skill gained 4 levels and is now at level 25!
Your Invocations skill gained 3 levels and is now at level 23!
You have reached level 19!
The power to cast Storm Form wells up from within.
Spell assigned to 'n'.
You slash the bag of meat!
You dissect the bag of meat like a pig carcass.
You kill the bag of meat!
Makhleb accepts your kill.
You hear a shout! x5
A bag of meat comes into view. It is wielding a +9 war axe. x2
You hear a shout! x2
Your Fighting skill increases to level 24!
Your Dodging skill increases to level 26!
Your Invocations skill increases to level 24!
The bag of meat shouts!
You slice the large bag of meat!!
Flame seeps out of the large bag of meat.
You dissect the large bag of meat like a pig carcass.
Makhleb accepts your kill.
You hit the bag of meat.
You butcher the bag of meat messily.
You kill the bag of meat!
Makhleb accepts your kill.
The large bag of meat explodes!
The fiery explosion engulfs the bag of meat!!
The fiery explosion engulfs you! You resist.
The fiery explosion engulfs the bag of meat!!!
You are engulfed in blazing flames.
You resist.
You hear a shout! x8
A bag of meat comes into view. It is wielding a +9 war axe. x2
The bag of meat is engulfed in blazing flames.
Your Fighting skill gained 2 levels and is now at level 26!
You have mastered Dodging!
Your Invocations skill gained 2 levels and is now at level 26!
You have reached level 20!
You feel clever.
The bag of meat shouts!
You hit the bag of meat.
You slaughter the bag of meat joyfully.
You kill the bag of meat!
Makhleb accepts your kill.
You feel better.
You slice the bag of meat!! You chop the bag of meat into pieces.
You kill the bag of meat!
Makhleb accepts your kill.
The destroyer appears out of thin air!
A destroyer comes into view. It is wielding a +9 heavy great sword.
You are engulfed in blazing flames.
You resist.
You hear a shout!
A meat berserker comes into view. It is wielding a +9 battleaxe. x2
You hear a shout! x8
You have mastered Fighting!
You have mastered Invocations!
You need to enable at least one skill for training.
Your Armour skill gained 10 levels and is now at level 11!
Casting: Manifold Assault (safe; 0% risk of failure)
Confirm with . or Enter, or press ? or * to list all spells.
Charge where?
Press: ? - help, Dir - move target, f - destroyer
Aim: a destroyer, wielding a +9 heavy great sword and wearing a +200 ring of slaying (100% to hit)
That's out of range!
Okay, then.
A bag of meat comes into view. It is wielding a +9 war axe.
You hear a shout! x3
A bag of meat comes into view. It is wielding a +9 war axe.
You hear a shout! x5
The destroyer casts a spell at you.
The destroyer blinks!
The bag of meat moves out of view.
The bag of meat shouts!
A meat berserker comes into view. It is wielding a +9 battleaxe.
Casting: Vhi's Electric Charge (safe; 0% risk of failure)
Confirm with . or Enter, or press ? or * to list all spells.
Space momentarily warps into an impossible shape!
You hit the bag of meat. You chop the bag of meat into pieces.
You kill the bag of meat!
Makhleb accepts your kill.
You feel better.
You hit the destroyer but do no damage.
You hew the destroyer savagely.
You destroy the destroyer!
Makhleb accepts your kill.
You slash the bag of meat! You chop the bag of meat into pieces.
You kill the bag of meat!
Makhleb accepts your kill.
You slice the bag of meat!!
You hew the bag of meat savagely.
You kill the bag of meat!
Makhleb accepts your kill.
The destroyer appears out of thin air!
A destroyer comes into view. It is wielding a +9 heavy great sword.
The destroyer shouts!
You hear a shout!
A bag of meat comes into view. It is wielding a +9 war axe.
You hear a shout! x3
The meat berserker rages.
A meat berserker comes into view. It is wielding a +9 battleaxe.
You hear a shout!
Your Armour skill gained 15 levels and is now at level 26!
You have reached level 21!
Your experience leads to an increase in your attributes!
Increase (S)trength, (I)ntelligence, or (D)exterity?
You feel agile. x2
The power to cast Infestation wells up from within.
Spell assigned to 'o'.
Casting: Manifold Assault (safe; 0% risk of failure)
Confirm with . or Enter, or press ? or * to list all spells.
Okay, then.
Casting: Manifold Assault (safe; 0% risk of failure)
Confirm with . or Enter, or press ? or * to list all spells.
Charge where?
Press: ? - help, Dir - move target, f - meat berserker
Aim: a meat berserker, wielding a +9 battleaxe and wearing a +30 ring of slaying (berserk, 100% to hit)
You charge forward with an electric crackle!
A destroyer comes into view. It is wielding a +9 heavy great sword.
You dice the meat berserker like an onion and electrocute it!!!
You fatally mangle the meat berserker.
You kill the meat berserker!
Makhleb accepts your kill.
You feel better.
You hear a shout!
The meat berserker rages.
The destroyer points at you and mumbles some strange words.
The destroyer blinks!
A meat berserker comes into view. It is wielding a +9 battleaxe.
You hear a shout!
The bag of meat is engulfed in blazing flames.
You hear a shout! x2
You have mastered Armour!
You need to enable at least one skill for training.
Your Throwing skill gained 11 levels and is now at level 11!
Casting: Vhi's Electric Charge (safe; 0% risk of failure)
Confirm with . or Enter, or press ? or * to list all spells.
Space momentarily warps into an impossible shape!
You hit the bag of meat.
You pulverise the bag of meat into a thin bloody mist.
You kill the bag of meat!
Makhleb accepts your kill.
You feel better.
You slice the meat berserker!!
You fatally mangle the meat berserker.
You kill the meat berserker!
Makhleb accepts your kill.
You hit the bag of meat.
You butcher the bag of meat messily.
You kill the bag of meat!
Makhleb accepts your kill.
You slice the bag of meat!!
You fatally mangle the bag of meat.
You kill the bag of meat!
Makhleb accepts your kill.
You hear a shout! x2
The destroyer points at you and mumbles some strange words.
The destroyer blinks!
You hear a shout! x4
Your Throwing skill gained 11 levels and is now at level 22!
Casting: Manifold Assault (safe; 0% risk of failure)
Confirm with . or Enter, or press ? or * to list all spells.
Space momentarily warps into an impossible shape!
You slash the meat berserker!
You chop the meat berserker into pieces.
You kill the meat berserker!
Makhleb accepts your kill.
You feel better.
You slice the meat berserker!!
You slaughter the meat berserker joyfully.
You kill the meat berserker!
Makhleb accepts your kill.
You cut the bag of meat into ribbons!!!
You fatally mangle the bag of meat.
You kill the bag of meat!
Makhleb accepts your kill.
You slash the bag of meat!
You hew the bag of meat savagely.
You kill the bag of meat!
Makhleb accepts your kill.
You hear a shout! x2
The destroyer hits you with a +9 heavy great sword!!!!!
Ouch! That really hurt!
You die...

...## ###. ..... .
... .....##
##.....
..................
..))))....#.#.....
.O.)...o..§.o...).
#...).)....)......
.#..)..).)@.......
......)§.§V.......
.....)§)§§........
.§#§o§....#.... .
#.......# ...
...###)......###..
.....V..###....)..
#..V)...._).O....
......#.....#)...


You could see 2 destroyers, a meat berserker (berserk) and 3 bags of meat.

Vanquished Creatures
  A vampire knight (D)
  9 ogres (D)
  A two-headed ogre (D)
  33 orcs (D)
44 creatures vanquished.

Notes
Turn   | Place    | Note
-------+----------+-------------------------------------------
     0 | D        | Found the +∞ Axe of Woe
     0 | D        | GloriousHammer the Djinni Warper began the quest for the
                  | Orb.
     0 | D        | GloriousHammer set off with the following spells memorised:
                  | Blink, Lesser Beckoning, Vhi's Electric Charge, Teleport
                  | Other, Manifold Assault.
     0 | D        | Reached XP level 1. HP: 18/18 MP: 0/0
     0 | D        | Noticed a bag of meat
     1 | D        | Noticed a bag of meat
     2 | D        | Killed a bag of meat
     3 | D        | Reached skill level 15 in Axes
     3 | D        | Reached XP level 2. HP: 23/23 MP: 0/0
     3 | D        | Reached XP level 3. HP: 28/28 MP: 0/0
     3 | D        | Learned a level 1 spell: Summon Small Mammal
     3 | D        | Reached XP level 4. HP: 33/33 MP: 0/0
     3 | D        | Reached XP level 5. HP: 38/38 MP: 0/0
     3 | D        | Learned a level 2 spell: Static Discharge
     3 | D        | Reached XP level 6. HP: 43/43 MP: 0/0
     3 | D        | Reached XP level 7. HP: 49/49 MP: 0/0
     3 | D        | Learned a level 3 spell: Spider Form
     3 | D        | Reached XP level 8. HP: 54/54 MP: 0/0
     3 | D        | Reached XP level 9. HP: 58/58 MP: 0/0
     3 | D        | Learned a level 4 spell: Airstrike
     3 | D        | Reached XP level 10. HP: 64/64 MP: 0/0
     3 | D        | Reached XP level 11. HP: 68/68 MP: 0/0
     3 | D        | Learned a level 5 spell: Freezing Cloud
     3 | D        | Noticed a bag of meat
     4 | D        | Became a worshipper of Makhleb the Destroyer
     5 | D        | Killed a bag of meat
     5 | D        | Killed a bag of meat
     5 | D        | Reached * piety under Makhleb
     6 | D        | Reached XP level 12. HP: 70/74 MP: 0/0
     6 | D        | Reached XP level 13. HP: 74/78 MP: 0/0
     6 | D        | Learned a level 5 spell: Fireball
     6 | D        | Noticed a bag of meat
     7 | D        | Noticed a bag of meat
     7 | D        | Noticed a meat berserker
     7 | D        | Noticed a bag of meat
     8 | D        | Killed a bag of meat
     8 | D        | Killed a bag of meat
     8 | D        | Killed a meat berserker
     8 | D        | Reached ** piety under Makhleb
     9 | D        | Reached XP level 14. HP: 85/85 MP: 0/0
     9 | D        | Killed a bag of meat
     9 | D        | Noticed a bag of meat
    10 | D        | Reached XP level 15. HP: 89/89 MP: 0/0
    10 | D        | Learned a level 6 spell: Starburst
    10 | D        | Noticed a meat berserker
    11 | D        | Noticed a meat berserker
    12 | D        | Noticed a meat berserker
    13 | D        | Noticed a large bag of meat
    13 | D        | Noticed a meat berserker
    14 | D        | Reached *** piety under Makhleb
    14 | D        | Killed a meat berserker
    15 | D        | Reached skill level 27 in Axes
    15 | D        | Reached XP level 16. HP: 94/94 MP: 0/0
    15 | D        | Reached **** piety under Makhleb
    15 | D        | Killed a meat berserker
    16 | D        | Reached skill level 27 in Spellcasting
    16 | D        | Reached skill level 10 in Dodging
    16 | D        | Reached XP level 17. HP: 117/117 MP: 0/0
    16 | D        | Learned a level 6 spell: Summon Cactus Giant
    17 | D        | Reached ***** piety under Makhleb
    17 | D        | Killed a meat berserker
    18 | D        | Reached XP level 18. HP: 146/146 MP: 0/0
    19 | D        | Killed a meat berserker
    19 | D        | Reached ****** piety under Makhleb
    20 | D        | Reached XP level 19. HP: 166/166 MP: 0/0
    20 | D        | Learned a level 7 spell: Storm Form
    21 | D        | Killed a large bag of meat
    22 | D        | Reached skill level 27 in Dodging
    22 | D        | Reached XP level 20. HP: 164/179 MP: 0/0
    22 | D        | Noticed a meat berserker
    22 | D        | Noticed a meat berserker
    23 | D        | Reached skill level 27 in Fighting
    23 | D        | Reached skill level 27 in Invocations
    23 | D        | Noticed a destroyer
    24 | D        | Noticed a meat berserker
    24 | D        | Killed a destroyer
    24 | D        | Noticed a destroyer
    24 | D        | Noticed a meat berserker
    25 | D        | Reached XP level 21. HP: 187/187 MP: 0/0
    25 | D        | Learned a level 8 spell: Infestation
    25 | D        | Noticed a destroyer
    25 | D        | Killed a meat berserker
    25 | D        | Noticed a meat berserker
    26 | D        | Reached skill level 27 in Armour
    26 | D        | Killed a meat berserker
    27 | D        | Killed a meat berserker
    27 | D        | Killed a meat berserker
    27 | D        | Demolished by a destroyer

Illustrated notes

Levels and vault maps discovered:
D:        meatsprint

Skill      XL: |  1  2  3  4  5  6  7  8  9 10 11 12 13 14 15 16 17 18 19 20 21 |
---------------+----------------------------------------------------------------+-----
Axes           | 15 19 23 27 | 27.0
Spellcasting   | 14 18 21 22 25 27 | 27.0
Fighting       | 9 18 23 26 27 | 27.0
Dodging        | 10 20 25 27 | 27.0
Invocations    | 9 18 23 26 27 | 27.0
Armour         | 26 27 | 27.0
Throwing       | 22 | 22.0

Action                     |  1- 3 |  4- 6 |  7- 9 | 10-12 | 13-15 | 16-18 | 19-21 || total
---------------------------+-------+-------+-------+-------+-------+-------+-------++-------
  Melee: Executioner's axe |     1 |       |       |     2 |     8 |    13 |    16 ||    40
   Cast: Manifold Assault  |       |       |       |     1 |     4 |     3 |     3 ||    11
         Vhi's Electric Ch |       |       |       |       |       |       |     1 ||     1
